 Dungeon Crawl Stone Soup version 0.30.1-11-g7821555f0a (webtiles) character file.

Game seed: 7723171307219211109

10 Martska the Trooper (level 2, 0/24 HPs)
             Began as a Human Monk on Dec 4, 2023.
             Slain by a gnoll
             ... wielding a +0 flail
              (5 damage)
             ... on level 1 of the Dungeon.
             The game lasted 00:00:32 (204 turns).

Martska the Trooper (Human Monk)                     Turns: 204, Time: 00:00:33

Health: 0/24       AC:  3    Str: 11    XL:     2   Next: 30%
Magic:  2/2        EV: 12    Int: 10    God:
Gold:   0          SH:  0    Dex: 15    Spells: 1/1 levels left

rFire   . . .        e - +0 dagger
rCold   . . .        (no shield)
rNeg    . . .        f - +0 leather armour
rPois   .            (no helmet)
rElec   .            (no cloak)
rCorr   .            (no gloves)
SInv    .            (no boots)
Will    .....        (no amulet)
Stlth   +            (no ring)
HPRegen 0.24/turn    (no ring)
MPRegen 0.08/turn

%: no passive effects
@: no status effects
A: no striking features
a: no special abilities


You were on level 1 of the Dungeon.
You visited 1 branch of the dungeon, and saw 1 of its levels.

Inventory:

Hand Weapons
 e - a +0 dagger (weapon)
Armour
 a - a +0 robe
 c - an orb of light
 f - a +0 leather armour (worn)
Potions
 b - a potion of ambrosia
 d - a potion of mutation {unknown}


   Skills:
 * Level 3.2 Fighting
 * Level 3.2 Dodging
 + Level 0.3 Stealth
 * Level 3.1 Unarmed Combat


You had one spell level left.
You didn't know any spells.
Your spell library was empty.

Dungeon Overview and Level Annotations

Branches:
Dungeon (1/15)

Altars:


Message History

You kill the ball python!
The giant cockroach bites you but does no damage.
The hobgoblin hits you but does no damage.
You barely miss the giant cockroach.
The giant cockroach is moderately wounded.
The giant cockroach misses you. The hobgoblin hits you.
You closely miss the giant cockroach.
The giant cockroach is moderately wounded.
The giant cockroach bites you. The hobgoblin hits you.
You hit the giant cockroach.
The giant cockroach is heavily wounded.
The giant cockroach closely misses you. The hobgoblin closely misses you.
The endoplasm barely misses you. The giant cockroach barely misses you.
You hit the giant cockroach.
The giant cockroach is almost dead.
The giant cockroach bites you but does no damage.
The endoplasm misses you. The hobgoblin completely misses you.
You barely miss the giant cockroach.
The giant cockroach is almost dead.
The giant cockroach bites you but does no damage.
The hobgoblin completely misses you. The gnoll hits you with a +0 flail!
* * * LOW HITPOINT WARNING * * *
The endoplasm barely misses you.
You are too injured to fight recklessly!
You are too injured to fight recklessly!
You are too injured to fight recklessly!
You are too injured to fight recklessly!
You are too injured to fight recklessly!
You are too injured to fight recklessly!
You are too injured to fight recklessly!
You are too injured to fight recklessly!
You are too injured to fight recklessly!
You are too injured to fight recklessly!
You are too injured to fight recklessly!
You are too injured to fight recklessly!
You are too injured to fight recklessly!
You hit the giant cockroach.
You kill the giant cockroach!
The gnoll hits you with a +0 flail.
You die...

... ..............
....... ...####.###...
....... #.# #.# #...
....... #.####'###...
.......#####.......##...
#.................+....
.#.................#....
......gJg..........#....
#...†@................
.......†...........#†...
###..........###.###.#'#
.....................#.#
.............###.###.#..
..................######
.............####...##
.?....#......# ##...##
##...##


You could see a gnoll, an endoplasm and a hobgoblin.

Vanquished Creatures
  A dart slug (D:1)
  A ball python (D:1)
  A bat (D:1)
  A giant cockroach (D:1)
  A goblin (D:1)
  A hobgoblin (D:1)
  A quokka (D:1)
  A rat (D:1)
8 creatures vanquished.

Notes
Turn   | Place    | Note
-------+----------+-------------------------------------------
     0 | D:1      | Martska the Human Monk began the quest for the Orb.
     0 | D:1      | Reached XP level 1. HP: 18/18 MP: 1/1
   110 | D:1      | Reached XP level 2. HP: 12/24 MP: 2/2
   204 | D:1      | Slain by a gnoll

Illustrated notes

Levels and vault maps discovered:
D:1:      elethiomel_arrival_shortcut, layout_basic, serial_bayou_pond_e

Action                     || total
---------------------------++-------
  Melee: Dagger            ||    42
         Unarmed           ||     9
 Armour: Robe              ||     9
         Leather armour    ||     6
  Dodge: Dodged            ||    52
